 Dungeon Crawl Stone Soup version 0.17.1-3-g152610e (webtiles) character file.

100 Gargoyl the Skirmisher (level 4, -8/36 HPs)
             Began as a Demonspawn Abyssal Knight on Apr 1, 2016.
             Was a Priest of Lugonu.
             Killed by divine providence
             ... invoked by an orc priest
              (16 damage)
             ... on level 2 of the Dungeon.
             The game lasted 00:06:16 (2487 turns).

Gargoyl the Skirmisher (Demonspawn Abyssal Knight)  Turns: 2487, Time: 00:06:16

Health: -8/36      AC:  7    Str: 14    XL:     4   Next: 46%
Magic:  6/6        EV:  6    Int: 13    God:    Lugonu [***...]
Gold:   122        SH:  4    Dex: 15    Spells: 0 memorised, 3 levels left

rFire  . . .     SeeInvis .     a - +1 hand axe
rCold  . . .     Clarity  .     b - +0 chain mail
rNeg   . . .     SustAt   .     e - +0 buckler
rPois  .         Gourm    +     g - +0 helmet
rElec  .         Spirit   .     (no cloak)
rCorr  .         Warding  .     (no gloves)
rMut   .         Stasis   .     (no boots)
MR     .....                    k - amulet of the gourmand
Stlth  ..........               n - -3 ring of protection (curse)
                                l - +3 ring of dexterity

@: not resistant to hostile enchantments, extremely unstealthy
A: hooves 2
a: Depart the Abyss, Bend Space, Banish, Renounce Religion


You were on level 2 of the Dungeon.
You worshipped Lugonu.
Lugonu was most pleased with you.
You were very full.

You visited 1 branch of the dungeon, and saw 3 of its levels.
You visited the Abyss 1 time.

You collected 122 gold pieces.

Inventory:

Hand Weapons
 a - a +1 hand axe (weapon)
Armour
 b - a +0 chain mail (worn)
 e - a +0 buckler (worn)
 g - a +0 helmet (worn)
Jewellery
 k - an amulet of the gourmand (around neck)
 l - a +3 ring of dexterity (left hand)
 n - a cursed -3 ring of protection (right hand)
Scrolls
 d - a scroll of teleportation
 i - 2 scrolls of amnesia
Comestibles
 c - 2 bread rations
 f - a beef jerky
 h - 2 fruits
 m - 2 meat rations


   Skills:
 + Level 3.6 Fighting
 + Level 2.2 Axes
 * Level 3.1 Armour
 + Level 1.3 Dodging
 + Level 0.6 Shields
 + Level 2.7 Invocations


You had 3 spell levels left.
You didn't know any spells.

Dungeon Overview and Level Annotations

Branches:
Dungeon (3/15)

Altars:
Gozag
Nemelex Xobeh


Innate Abilities, Weirdness & Mutations

You have hoof-like feet.


Message History

The orc hits you but does no damage.
The orc priest hits you but does no damage.
Unknown command.
You closely miss the orc priest.
The orc priest is lightly wounded.
You hit the orc but do no damage.
The orc is moderately wounded.
The orc hits you but does no damage.
The orc priest invokes the aid of Beogh against you.
Something smites you!
* * * LOW HITPOINT WARNING * * *
You hit the orc priest. Your kick misses the orc priest.
The orc priest is moderately wounded.
Your chain mail prevents you from hitting the orc.
The orc is moderately wounded.
The orc hits you with a short sword.
* * * LOW HITPOINT WARNING * * *
The orc priest invokes the aid of Beogh against you.
Something smites you!
You die...

#.# ####
#.......# #.#
#.......# #.#
#####..##### #.#
#.....##
####.#####.#####
#..........#
#......#####
#...o..#
#[.†@o## #.....#
#.....# #######


You could see an orc priest and an orc.

Vanquished Creatures
  Robin (D:2)
  2 adders (D:2)
  An ooze (D:2)
  2 giant geckos (D:2)
  An orc (D:3)
  10 hobgoblins
  2 kobolds (D:2)
  2 quokkas (D:2)
  11 bats
  4 giant cockroaches
  3 giant newts
  16 goblins
  3 jackals (D:1)
  4 rats
62 creatures vanquished.

Vanquished Creatures (others)
  A lurking horror (Abyss:1)
1 creature vanquished.

Grand Total: 63 creatures vanquished

Notes
Turn   | Place    | Note
--------------------------------------------------------------
     0 | Abyss:1  | Gargoyl the Demonspawn Abyssal Knight began the quest for the Orb.
     0 | Abyss:1  | Reached XP level 1. HP: 18/18 MP: 2/2
    52 | Abyss:1  | Noticed a raiju
    99 | Abyss:1  | Noticed a large abomination
   103 | Abyss:1  | Noticed a large abomination
   113 | D:1      | Escaped the Abyss
   348 | D:1      | Reached * piety under Lugonu
   682 | D:1      | Gained mutation: You have large cloven feet. [demonic ancestry]
   682 | D:1      | Reached XP level 2. HP: 18/24 MP: 3/3
  1372 | D:2      | Reached skill level 1 in Dodging
  1408 | D:2      | Reached ** piety under Lugonu
  1412 | D:2      | Gained mutation: You have hoof-like feet. [demonic ancestry]
  1412 | D:2      | Reached XP level 3. HP: 19/29 MP: 5/5
  1679 | D:2      | Noticed Robin
  1700 | D:2      | HP: 1/29 [Robin/club (1)]
  1702 | D:2      | Killed Robin
  2006 | D:2      | Reached XP level 4. HP: 33/35 MP: 6/6
  2201 | D:2      | Found an opulent altar of Gozag.
  2201 | D:2      | Found a sparkling altar of Nemelex Xobeh.
  2327 | D:2      | Reached *** piety under Lugonu
  2487 | D:2      | Killed from afar by an orc priest

Action                   |  1- 3 |  4- 6 || total
-------------------------+-------+-------++-------
Melee: Hand axe          |   147 |    53 ||   200
Invok: Depart the Abyss  |     1 |       ||     1
  Use: Scroll            |     3 |     1 ||     4
       Potion            |     3 |       ||     3
  Eat: Chunk             |    15 |       ||    15
